Toronto Maple Leafs vs Minnesota North Stars
(R2)
Created - Friday, February 13, 2026 at 07:35
Goals
|
| Toronto Maple Leafs |
0 |
3 |
2 |
5 |
| Minnesota North Stars |
2 |
1 |
1 |
4 |
|
Shots
|
| Toronto Maple Leafs |
13 |
12 |
14 |
39 |
| Minnesota North Stars |
9 |
12 |
19 |
40 |
|
1st period
1. Minnesota North Stars , William Karlsson 5 (Gustav Forsling 6, Frank Vatrano 2) at 2:19 (SH)
2. Minnesota North Stars , Kent Johnson 2 (Rasmus Dahlin 9, Valeri Nichushkin 7) at 19:18 (PP)
Penalties :
Erik Cernak (MNS) for Fighting (Major) at 1:51, Troy Terry (TOR) for Fighting (Major) at 1:51, William Eklund (MNS) for Tripping (Minor) at 2:02, Jonathan Marchessault (MNS) for Fighting (Major) at 15:26, Ryan Hartman (TOR) for Fighting (Major) at 15:26, Jonathan Marchessault (MNS) for instigated a fight (Minor) at 15:26, Jonathan Marchessault (MNS) for instigated a fight (10 Minutes Misconduct) at 15:26, Brady Tkachuk (TOR) for Roughing (Minor) at 19:04, Aaron Ekblad (TOR) for Holding (Minor) at 19:40
2nd period
3. Toronto Maple Leafs , Warren Foegele 9 (Quinton Byfield 11, Sam Bennett 15) at 8:32 (PP)
4. Toronto Maple Leafs , Eric Robinson 4 (Nicolas Roy 8, Mackie Samoskevich 6) at 12:02
5. Toronto Maple Leafs , Scott Laughton 6 (Warren Foegele 13, Ryan Pulock 11) at 18:22 (SH)
6. Minnesota North Stars , Kent Johnson 3 (Rasmus Dahlin 10, Valeri Nichushkin 8) at 18:37 (PP)
Penalties :
Rasmus Dahlin (MNS) for Slashing (Minor) at 4:41, Rasmus Dahlin (MNS) for Roughing (Minor) at 8:25, Brady Tkachuk (TOR) for Holding (Minor) at 17:49, Frank Vatrano (MNS) for Tripping (Minor) at 19:00
3rd period
7. Minnesota North Stars , Kent Johnson 4 (Valeri Nichushkin 9, Brock Nelson 13) at 2:36 (PP)
8. Toronto Maple Leafs , Sam Bennett 8 (Quinton Byfield 12) at 2:54
9. Toronto Maple Leafs , Warren Foegele 10 (Ryan Pulock 12, Sam Bennett 16) at 5:06 (PP)
Penalties :
Ryan Hartman (TOR) for Tripping (Minor) at 1:24, Rasmus Dahlin (MNS) for Roughing (Minor) at 4:56, Rasmus Dahlin (MNS) for Interference (Minor) at 6:19, Rasmus Dahlin (MNS) for Tripping (Minor) at 19:17
Goalie Stats
Frederik Andersen (TOR), 14 saves from 15 shots - (0.933), W, 7-4-2, 18:00 minutes
Matt Murray (TOR), 22 saves from 25 shots - (0.880), 42:00 minutes
Logan Thompson (MNS), 34 saves from 39 shots - (0.872), L, 7-6-2, 60:00 minutes
Players Stats for Toronto Maple Leafs
Player Name G A P +/- PIM S H SB GA TA FO MP PP MP PK MP
------------------------------------------------------------------------------------
Aaron Ekblad 0 0 0 0 2 1 3 1 0 1 0/0 22:21 5:33 0:54
Bowen Byram 0 0 0 -1 0 2 1 0 0 0 0/0 22:39 5:33 1:14
Brady Tkachuk 0 0 0 -1 4 2 3 0 0 0 1/1 17:11 5:24 0:00
Brandon Saad 0 0 0 -1 0 4 2 1 1 0 0/1 14:20 1:35 0:00
Cody Ceci 0 0 0 1 0 1 1 0 0 0 0/0 16:03 0:00 2:05
Eric Robinson 1 0 1 1 0 3 1 0 0 0 0/1 10:12 0:29 0:00
Lucas Carlsson 0 0 0 1 0 2 1 1 0 0 0/0 18:54 5:21 0:00
Mackie Samoskevich 0 1 1 1 0 3 0 0 0 0 0/0 9:07 0:00 0:00
Mario Ferraro 0 0 0 2 0 0 1 0 0 0 0/0 17:33 0:00 2:08
Nicolas Roy 0 1 1 1 0 1 0 0 0 0 4/4 11:12 0:04 2:04
Quinton Byfield 0 2 2 1 0 3 1 0 0 0 1/2 16:26 5:01 0:00
Ryan Hartman 0 0 0 0 7 2 0 0 1 0 0/0 13:01 0:28 0:23
Ryan Pulock 0 2 2 1 0 0 2 0 0 0 0/0 22:32 5:21 2:05
Sam Bennett 1 2 3 1 0 3 3 0 0 0 5/10 16:33 5:01 0:04
Scott Laughton 1 0 1 1 0 3 0 0 0 0 8/22 14:37 0:00 2:05
Troy Terry 0 0 0 0 5 1 0 0 1 0 0/1 15:29 4:15 0:00
Warren Foegele 2 1 3 2 0 3 2 1 1 0 2/2 18:47 5:01 2:09
Wyatt Johnston 0 0 0 -1 0 5 1 1 1 0 9/27 19:07 5:24 2:04
Players Stats for Minnesota North Stars
Player Name G A P +/- PIM S H SB GA TA FO MP PP MP PK MP
------------------------------------------------------------------------------------
Brock Nelson 0 1 1 -1 0 1 0 0 0 0 12/23 14:49 2:11 0:00
Erik Cernak 0 0 0 -1 5 2 1 0 0 1 0/0 17:28 0:00 4:40
Frank Vatrano 0 1 1 0 2 7 2 0 1 0 1/2 19:15 0:00 4:29
Gustav Forsling 0 1 1 -1 0 2 1 3 0 0 0/0 22:40 2:08 5:44
Ivan Barbashev 0 0 0 0 0 0 1 0 0 0 0/0 6:04 0:00 0:00
Jack Hughes 0 0 0 -2 0 2 3 0 0 0 0/1 14:37 1:59 0:00
Jonathan Marchessault 0 0 0 -2 17 5 1 0 0 0 1/1 12:33 0:48 0:00
Kent Johnson 3 0 3 0 0 4 0 0 0 1 0/0 15:59 2:47 1:17
Lawson Crouse 0 0 0 0 0 0 1 0 0 0 0/0 7:37 0:09 0:07
Matt Roy 0 0 0 0 0 1 0 1 0 0 0/0 18:18 2:05 0:00
Michael Rasmussen 0 0 0 0 0 2 0 2 0 0 1/3 14:03 0:38 5:11
Neal Pionk 0 0 0 -2 0 0 1 3 0 0 0/0 22:44 2:08 5:10
Niko Mikkola 0 0 0 0 0 0 6 1 0 2 0/0 19:44 0:00 5:27
Rasmus Dahlin 0 2 2 0 10 4 0 1 0 0 0/0 19:14 2:05 0:47
Ryan Nugent-Hopkins 0 0 0 0 0 2 3 0 0 0 6/12 15:47 0:00 5:14
Valeri Nichushkin 0 3 3 0 0 3 1 0 0 0 1/1 13:01 2:11 0:00
William Eklund 0 0 0 -1 2 2 2 0 0 0 0/0 13:12 0:00 0:00
William Karlsson 1 0 1 -1 0 3 1 0 0 1 19/28 21:52 1:56 5:30
3 Stars
1 - Warren Foegele (TOR)
2 - Kent Johnson (MNS)
3 - Sam Bennett (TOR)
Power Play
Toronto Maple Leafs - 2 on 8 Attempt(s) - 25.00%
Minnesota North Stars - 3 on 4 Attempt(s) - 75.00%
Penalty Kill
Toronto Maple Leafs - 1 on 4 Attempt(s) - 25.00%
- Score 1 goal in Penalty Kill
Minnesota North Stars - 6 on 8 Attempt(s) - 75.00%
- Score 1 goal in Penalty Kill
Team Stat
Toronto Maple Leafs - Hits : 22 - Faceoff Wins : 30 - Blocked Shots : 5 - Penalty Minutes : 18
Minnesota North Stars - Hits : 24 - Faceoff Wins : 41 - Blocked Shots : 11 - Penalty Minutes : 36
Official
Referees : Ghislain Hebert and Francois St Laurent
Linesman : Bryan Pancich
Game Notes
Troy Terry beats up Erik Cernak at 1:51 of 1st period
Jonathan Marchessault beats up Ryan Hartman at 15:26 of 1st period
Matt Murray is injured at 2:00 of 3rd period (Strained Left Knee)
Frederik Andersen enters game at 2:00 of 3rd period
Kent Johnson has scored a Hat Trick!
Finance
Level 1 -- Attendance: 6000 (100.00%) -- Ticket Income $564,000
Level 2 -- Attendance: 4895 (97.90%) -- Ticket Income $274,120
Level 3 -- Attendance: 2585 (86.17%) -- Ticket Income $82,720
Level 4 -- Attendance: 4916 (98.32%) -- Ticket Income $108,152
Luxury Box -- Attendance: 893 (89.30%) -- Ticket Income $172,349
Game was played at the Met Center.
Total Attendance: 19289 (96.45%)
Total Ticket Income: $1,201,341
Other Income: $420,469
Total Income: $1,621,810
Toronto Maple Leafs
5 vs 5 Forward
Center Left Wing Right Wing Time % Phy DF OF
1 Wyatt Johnston Brady Tkachuk Troy Terry 30 1 2 2
2 Sam Bennett Quinton Byfield Warren Foegele 30 1 2 2
3 Scott Laughton Brandon Saad Ryan Hartman 25 1 2 2
4 Nicolas Roy Eric Robinson Mackie Samoskevich 15 1 3 1
5 vs 5 Defense
Defense Defense Time % Phy DF OF
1 Ryan Pulock Mario Ferraro 35 1 2 2
2 Aaron Ekblad Bowen Byram 35 1 2 2
3 Cody Ceci Lucas Carlsson 30 1 2 2
4 Ryan Pulock Mario Ferraro 0 1 2 2
PowerPlay Forward
Center Left Wing Right Wing Time % Phy DF OF
1 Wyatt Johnston Brady Tkachuk Troy Terry 50 1 2 2
2 Sam Bennett Quinton Byfield Warren Foegele 50 1 2 2
PowerPlay Defense
Defense Defense Time % Phy DF OF
1 Aaron Ekblad Bowen Byram 50 1 2 2
2 Ryan Pulock Lucas Carlsson 50 1 2 2
Penalty Kill 4 Players Forward
Center Wing Time % Phy DF OF
1 Scott Laughton Warren Foegele 50 1 2 2
2 Wyatt Johnston Nicolas Roy 50 1 2 2
Penalty Kill 4 Players Defense
Defense Defense Time % Phy DF OF
1 Mario Ferraro Aaron Ekblad 50 1 2 2
2 Ryan Pulock Cody Ceci 50 1 2 2
Penalty Kill - 3 Players Forward
Forward Time % Phy DF OF
1 Scott Laughton 50 1 2 2
2 Wyatt Johnston 50 1 2 2
Penalty Kill - 3 Players Defense
Defense Defense Time % Phy DF OF
1 Mario Ferraro Aaron Ekblad 50 1 2 2
2 Ryan Pulock Cody Ceci 50 1 2 2
4 vs 4 Forward
Center Wing Time % Phy DF OF
1 Wyatt Johnston Brady Tkachuk 50 1 2 2
2 Sam Bennett Quinton Byfield 50 1 2 2
4 vs 4 Defense
Defense Defense Time % Phy DF OF
1 Aaron Ekblad Bowen Byram 50 1 2 2
2 Ryan Pulock Mario Ferraro 50 1 2 2
Last Minutes Offensive
Center Left Wing Right Wing Defense Defense
Wyatt Johnston Brady Tkachuk Troy Terry Aaron Ekblad Bowen Byram
Last Minutes Defensive
Center Left Wing Right Wing Defense Defense
Wyatt Johnston Scott Laughton Warren Foegele Ryan Pulock Mario Ferraro
Goaltenders
Starting : Matt Murray
Backup : Frederik Andersen
Extra Forwards
Normal : Ryan Hartman, Eric Robinson, Mackie Samoskevich - PP : Brandon Saad, Ryan Hartman - PK : Sam Bennett
Extra Defensemen
Normal : Lucas Carlsson, Cody Ceci, Bowen Byram - PP : Mario Ferraro - PK : Bowen Byram, Lucas Carlsson
Penalty Shots
Troy Terry, Quinton Byfield, Wyatt Johnston, Nicolas Roy, Brady Tkachuk
Scratches
Nick Bjugstad (Healthy), Sam Malinski (Left Hand Injury), Brendan Brisson (Healthy), Lassi Thomson (Healthy), Joonas Korpisalo (Healthy)
Minnesota North Stars
5 vs 5 Forward
Center Left Wing Right Wing Time % Phy DF OF
1 Brock Nelson Jack Hughes William Eklund 30 0 1 4
2 Ryan Nugent-Hopkins Valeri Nichushkin Kent Johnson 30 0 1 4
3 William Karlsson Frank Vatrano Jonathan Marchessault 30 0 1 4
4 Michael Rasmussen Ivan Barbashev Lawson Crouse 10 0 4 1
5 vs 5 Defense
Defense Defense Time % Phy DF OF
1 Matt Roy Rasmus Dahlin 34 0 3 2
2 Gustav Forsling Neal Pionk 34 0 3 2
3 Erik Cernak Niko Mikkola 32 0 4 1
4 Matt Roy Rasmus Dahlin 0 1 2 2
PowerPlay Forward
Center Left Wing Right Wing Time % Phy DF OF
1 Brock Nelson Valeri Nichushkin Kent Johnson 50 0 0 5
2 William Karlsson Jack Hughes Jonathan Marchessault 50 0 0 5
PowerPlay Defense
Defense Defense Time % Phy DF OF
1 Matt Roy Rasmus Dahlin 50 0 2 3
2 Gustav Forsling Neal Pionk 50 0 2 3
Penalty Kill 4 Players Forward
Center Wing Time % Phy DF OF
1 Ryan Nugent-Hopkins Michael Rasmussen 50 0 5 0
2 William Karlsson Frank Vatrano 50 0 5 0
Penalty Kill 4 Players Defense
Defense Defense Time % Phy DF OF
1 Gustav Forsling Erik Cernak 50 0 5 0
2 Niko Mikkola Neal Pionk 50 0 5 0
Penalty Kill - 3 Players Forward
Forward Time % Phy DF OF
1 Ryan Nugent-Hopkins 50 0 5 0
2 William Karlsson 50 0 5 0
Penalty Kill - 3 Players Defense
Defense Defense Time % Phy DF OF
1 Gustav Forsling Erik Cernak 50 0 5 0
2 Niko Mikkola Neal Pionk 50 0 5 0
4 vs 4 Forward
Center Wing Time % Phy DF OF
1 Brock Nelson Jack Hughes 50 0 2 3
2 Ryan Nugent-Hopkins Jonathan Marchessault 50 0 2 3
4 vs 4 Defense
Defense Defense Time % Phy DF OF
1 Matt Roy Rasmus Dahlin 50 0 3 2
2 Gustav Forsling Neal Pionk 50 0 3 2
Last Minutes Offensive
Center Left Wing Right Wing Defense Defense
Brock Nelson Jack Hughes Valeri Nichushkin Matt Roy Rasmus Dahlin
Last Minutes Defensive
Center Left Wing Right Wing Defense Defense
William Karlsson Michael Rasmussen Ryan Nugent-Hopkins Matt Roy Erik Cernak
Goaltenders
Starting : Logan Thompson
Backup : Brandon Bussi
Extra Forwards
Normal : William Karlsson, Jonathan Marchessault, Michael Rasmussen - PP : William Karlsson, Jonathan Marchessault - PK : William Karlsson
Extra Defensemen
Normal : Erik Cernak, Niko Mikkola, Gustav Forsling - PP : Erik Cernak - PK : Niko Mikkola, Gustav Forsling
Penalty Shots
Kent Johnson, Brock Nelson, Valeri Nichushkin, Ryan Nugent-Hopkins, William Eklund
Scratches
Dylan DeMelo (Healthy), Charlie Lindgren (Healthy)
% Time on Ice - Toronto Maple Leafs
Lines # - Real PCT - Wanted PCT - Time Play
Normal Forward
1 - 27% - 30% - 11:59
2 - 26% - 30% - 11:25
3 - 28% - 25% - 12:23
4 - 20% - 15% - 8:57
Normal Defense
1 - 35% - 35% - 15:42
2 - 35% - 35% - 15:43
3 - 30% - 30% - 13:19
4 - 0% - 0% - 0:00
PP Forward
1 - 50% - 50% - 5:28
2 - 50% - 50% - 5:26
PP Defense
1 - 51% - 50% - 5:33
2 - 49% - 50% - 5:21
PK Forward
1 - 51% - 50% - 2:09
2 - 49% - 50% - 2:04
PK Defense
1 - 51% - 50% - 2:08
2 - 49% - 50% - 2:05
PK3 Forward
1 - 0% - 50%
2 - 0% - 50%
PK3 Defense
1 - 0% - 50%
2 - 0% - 50%
44 Forward
1 - 0% - 50%
2 - 0% - 50%
44 Defense
1 - 0% - 50%
2 - 0% - 50%
Last Minute Offensive - 0:00
Last Minute Defensive - 0:09
Total
Forward - 60:00
Defense - 60:00
|
% Time on Ice - Minnesota North Stars
Lines # - Real PCT - Wanted PCT - Time Play
Normal Forward
1 - 29% - 30% - 13:10
2 - 26% - 30% - 11:48
3 - 31% - 30% - 13:42
4 - 14% - 10% - 6:04
Normal Defense
1 - 34% - 34% - 15:19
2 - 34% - 34% - 15:18
3 - 31% - 32% - 13:44
4 - 1% - 0% - 0:23
PP Forward
1 - 52% - 50% - 2:11
2 - 48% - 50% - 2:02
PP Defense
1 - 49% - 50% - 2:05
2 - 51% - 50% - 2:08
PK Forward
1 - 49% - 50% - 5:19
2 - 51% - 50% - 5:35
PK Defense
1 - 53% - 50% - 5:44
2 - 47% - 50% - 5:10
PK3 Forward
1 - 0% - 50%
2 - 0% - 50%
PK3 Defense
1 - 0% - 50%
2 - 0% - 50%
44 Forward
1 - 0% - 50%
2 - 0% - 50%
44 Defense
1 - 0% - 50%
2 - 0% - 50%
Last Minute Offensive - 0:09
Last Minute Defensive - 0:00
Total
Forward - 60:00
Defense - 60:00
|
Play-by-Play
1st period
0:01 of 1st period - Brock Nelson wins face-off versus Wyatt Johnston in neutral zone.
0:26 of 1st period - Mario Ferraro is hit by Ryan Nugent-Hopkins and loses puck.
0:31 of 1st period - Wrist shot by Kent Johnson.
0:31 of 1st period - Stopped by Matt Murray without a rebound.
0:32 of 1st period - William Karlsson wins face-off versus Scott Laughton in Toronto Maple Leafs zone.
0:45 of 1st period - Wrist shot by Brandon Saad.
0:45 of 1st period - Shot Misses the Net.
0:47 of 1st period - Slapshot by Bowen Byram.
0:47 of 1st period - Stopped by Logan Thompson with a rebound.
1:42 of 1st period - Snap shot by Wyatt Johnston.
1:42 of 1st period - Stopped by Logan Thompson without a rebound.
1:43 of 1st period - Michael Rasmussen wins face-off versus Wyatt Johnston in Minnesota North Stars zone.
1:43 of 1st period - Ivan Barbashev is hit by Brady Tkachuk and loses puck.
1:51 of 1st period - Troy Terry beats up Erik Cernak.
1:51 of 1st period - Penalty to Erik Cernak for Fighting.
1:51 of 1st period - Penalty to Troy Terry for Fighting.
1:52 of 1st period - Scott Laughton wins face-off versus Brock Nelson in Minnesota North Stars zone.
2:02 of 1st period - Minor Penalty to William Eklund for Tripping.
2:03 of 1st period - Wyatt Johnston wins face-off versus Ryan Nugent-Hopkins in Minnesota North Stars zone.
2:03 of 1st period - Snap shot by Brady Tkachuk.
2:03 of 1st period - Shot Misses the Net.
2:17 of 1st period - Slapshot by William Karlsson.
2:17 of 1st period - Deflect By Frank Vatrano.
2:17 of 1st period - Stopped by Matt Murray with a rebound.
2:19 of 1st period - Snap shot by Gustav Forsling.
2:19 of 1st period - Deflect By William Karlsson.
2:19 of 1st period - Goal by William Karlsson - Toronto Maple Leafs : 0 - Minnesota North Stars : 1.
2:20 of 1st period - Ryan Nugent-Hopkins wins face-off versus Sam Bennett in neutral zone.
2:31 of 1st period - Backhand shot by Ryan Nugent-Hopkins.
2:31 of 1st period - Stopped by Matt Murray with a rebound.
2:47 of 1st period - Niko Mikkola is hit by Ryan Pulock and loses puck.
3:25 of 1st period - Gustav Forsling is hit by Wyatt Johnston and loses puck.
4:02 of 1st period - Penalty to William Eklund is over, William Eklund is back on ice.
4:08 of 1st period - Wrist shot by Eric Robinson.
4:08 of 1st period - Shot Blocked by Neal Pionk.
4:10 of 1st period - Wrist shot by Lucas Carlsson.
4:10 of 1st period - Stopped by Logan Thompson with a rebound.
4:12 of 1st period - Slapshot by Cody Ceci.
4:12 of 1st period - Shot Misses the Net.
4:18 of 1st period - Snap shot by Mackie Samoskevich.
4:18 of 1st period - Shot Misses the Net.
5:52 of 1st period - Mario Ferraro is hit by Niko Mikkola and loses puck.
6:30 of 1st period - Mackie Samoskevich is hit by William Eklund and loses puck.
7:20 of 1st period - Brady Tkachuk is hit by Lawson Crouse and loses puck.
8:14 of 1st period - Matt Roy is hit by Sam Bennett.
8:44 of 1st period - Snap shot by Eric Robinson.
8:44 of 1st period - Stopped by Logan Thompson without a rebound.
8:45 of 1st period - Brock Nelson wins face-off versus Wyatt Johnston in Minnesota North Stars zone.
8:53 of 1st period - Icing by William Eklund.
8:54 of 1st period - Brady Tkachuk wins face-off versus Jack Hughes in Minnesota North Stars zone.
8:57 of 1st period - Wrist shot by Brady Tkachuk.
8:57 of 1st period - Shot Misses the Net.
8:59 of 1st period - Wrist shot by Wyatt Johnston.
8:59 of 1st period - Stopped by Logan Thompson with a rebound.
9:01 of 1st period - Wrist shot by Brady Tkachuk.
9:01 of 1st period - Stopped by Logan Thompson without a rebound.
9:02 of 1st period - William Karlsson wins face-off versus Wyatt Johnston in Minnesota North Stars zone.
9:02 of 1st period - William Karlsson is hit by Aaron Ekblad.
9:16 of 1st period - Wrist shot by Jonathan Marchessault.
9:16 of 1st period - Stopped by Matt Murray with a rebound.
9:28 of 1st period - Jack Hughes is hit by Aaron Ekblad.
10:40 of 1st period - Wrist shot by Mackie Samoskevich.
10:40 of 1st period - Stopped by Logan Thompson with a rebound.
10:42 of 1st period - Slapshot by Eric Robinson.
10:42 of 1st period - Deflect By Nicolas Roy.
10:42 of 1st period - Shot Misses the Net.
10:42 of 1st period - Puck is out of play.
10:43 of 1st period - Brock Nelson wins face-off versus Sam Bennett in Minnesota North Stars zone.
11:15 of 1st period - Snap shot by William Karlsson.
11:15 of 1st period - Shot Misses the Net.
11:44 of 1st period - Wyatt Johnston is hit by Niko Mikkola and loses puck.
11:59 of 1st period - Wrist shot by Mackie Samoskevich.
11:59 of 1st period - Stopped by Logan Thompson without a rebound.
12:00 of 1st period - William Karlsson wins face-off versus Eric Robinson in Minnesota North Stars zone.
12:43 of 1st period - Nicolas Roy is hit by Niko Mikkola and loses puck.
12:56 of 1st period - Slapshot by Nicolas Roy.
12:56 of 1st period - Stopped by Logan Thompson without a rebound.
12:57 of 1st period - Brock Nelson wins face-off versus Sam Bennett in Minnesota North Stars zone.
12:57 of 1st period - Brock Nelson is hit by Cody Ceci.
13:11 of 1st period - Wrist shot by Quinton Byfield.
13:11 of 1st period - Shot Misses the Net.
13:13 of 1st period - Wrist shot by Quinton Byfield.
13:13 of 1st period - Shot Blocked by Gustav Forsling.
13:28 of 1st period - Wrist shot by Brandon Saad.
13:28 of 1st period - Stopped by Logan Thompson without a rebound.
13:29 of 1st period - Valeri Nichushkin wins face-off versus Wyatt Johnston in Minnesota North Stars zone.
14:02 of 1st period - Wrist shot by William Eklund.
14:02 of 1st period - Stopped by Matt Murray without a rebound.
14:03 of 1st period - Warren Foegele wins face-off versus Brock Nelson in Toronto Maple Leafs zone.
14:22 of 1st period - Cody Ceci is hit by Jack Hughes and loses puck.
15:20 of 1st period - Snap shot by Quinton Byfield.
15:20 of 1st period - Stopped by Logan Thompson with a rebound.
15:22 of 1st period - Wrist shot by Quinton Byfield.
15:22 of 1st period - Stopped by Logan Thompson with a rebound.
15:24 of 1st period - Snap shot by Quinton Byfield.
15:24 of 1st period - Stopped by Logan Thompson without a rebound.
15:25 of 1st period - William Karlsson wins face-off versus Scott Laughton in Minnesota North Stars zone.
15:25 of 1st period - William Karlsson is hit by Mario Ferraro.
15:26 of 1st period - Jonathan Marchessault beats up Ryan Hartman.
15:26 of 1st period - Penalty to Jonathan Marchessault for Fighting.
15:26 of 1st period - Penalty to Ryan Hartman for Fighting.
15:26 of 1st period - Penalty to Jonathan Marchessault for instigated a fight.
15:26 of 1st period - Penalty to Jonathan Marchessault for instigated a fight.
15:27 of 1st period - Wyatt Johnston wins face-off versus Ryan Nugent-Hopkins in Minnesota North Stars zone.
16:00 of 1st period - Aaron Ekblad is hit by Erik Cernak and loses puck.
17:26 of 1st period - Penalty to Jonathan Marchessault is over, Valeri Nichushkin is send on ice.
17:29 of 1st period - Snap shot by Brandon Saad.
17:29 of 1st period - Shot Misses the Net.
17:38 of 1st period - Off-side.
17:39 of 1st period - Nicolas Roy wins face-off versus Brock Nelson in neutral zone.
17:51 of 1st period - Slapshot by Nicolas Roy.
17:51 of 1st period - Shot Misses the Net.
18:35 of 1st period - Snap shot by Frank Vatrano.
18:35 of 1st period - Shot Misses the Net.
19:04 of 1st period - Minor Penalty to Brady Tkachuk for Roughing.
19:05 of 1st period - Scott Laughton wins face-off versus Brock Nelson in Toronto Maple Leafs zone.
19:18 of 1st period - Slapshot by Kent Johnson.
19:18 of 1st period - Goal by Kent Johnson - Toronto Maple Leafs : 0 - Minnesota North Stars : 2.
19:19 of 1st period - William Karlsson wins face-off versus Scott Laughton in neutral zone.
19:32 of 1st period - Snap shot by Michael Rasmussen.
19:32 of 1st period - Stopped by Matt Murray with a rebound.
19:34 of 1st period - Slapshot by Gustav Forsling.
19:34 of 1st period - Stopped by Matt Murray with a rebound.
19:40 of 1st period - Minor Penalty to Aaron Ekblad for Holding.
19:41 of 1st period - Scott Laughton wins face-off versus William Karlsson in Toronto Maple Leafs zone.
19:57 of 1st period - Icing by William Karlsson.
19:58 of 1st period - William Karlsson wins face-off versus Scott Laughton in Minnesota North Stars zone.
Goals for this period are 0 for Toronto Maple Leafs vs 2 for Minnesota North Stars.
Shots for this period are 13 for Toronto Maple Leafs vs 9 for Minnesota North Stars.
2nd period
0:01 of 2nd period - Scott Laughton wins face-off versus Brock Nelson in neutral zone.
0:04 of 2nd period - Backhand shot by Scott Laughton.
0:04 of 2nd period - Stopped by Logan Thompson without a rebound.
0:05 of 2nd period - Warren Foegele wins face-off versus Brock Nelson in Minnesota North Stars zone.
0:08 of 2nd period - Slapshot by Scott Laughton.
0:08 of 2nd period - Shot Misses the Net.
0:14 of 2nd period - Wrist shot by Valeri Nichushkin.
0:14 of 2nd period - Stopped by Matt Murray with a rebound.
0:26 of 2nd period - Penalty to Ryan Hartman is over, Ryan Hartman is back on ice.
0:36 of 2nd period - Slapshot by Jack Hughes.
0:36 of 2nd period - Shot Misses the Net.
1:00 of 2nd period - Nicolas Roy is hit by Jack Hughes.
1:40 of 2nd period - Penalty to Aaron Ekblad is over, Aaron Ekblad is back on ice.
1:58 of 2nd period - Lawson Crouse is hit by Brady Tkachuk.
3:16 of 2nd period - Niko Mikkola is hit by Brandon Saad.
3:25 of 2nd period - Icing by William Eklund.
3:26 of 2nd period - Brock Nelson wins face-off versus Wyatt Johnston in Minnesota North Stars zone.
3:35 of 2nd period - Slapshot by Valeri Nichushkin.
3:35 of 2nd period - Deflect By Ryan Nugent-Hopkins.
3:35 of 2nd period - Stopped by Matt Murray without a rebound.
3:36 of 2nd period - Ryan Nugent-Hopkins wins face-off versus Wyatt Johnston in Toronto Maple Leafs zone.
3:41 of 2nd period - Slapshot by Ryan Nugent-Hopkins.
3:41 of 2nd period - Shot Misses the Net.
3:53 of 2nd period - Wrist shot by Wyatt Johnston.
3:53 of 2nd period - Shot Misses the Net.
4:03 of 2nd period - Mario Ferraro is hit by William Eklund and loses puck.
4:41 of 2nd period - Minor Penalty to Rasmus Dahlin for Slashing.
4:42 of 2nd period - Ryan Nugent-Hopkins wins face-off versus Quinton Byfield in Minnesota North Stars zone.
5:08 of 2nd period - Wyatt Johnston is hit by Ryan Nugent-Hopkins and loses puck.
6:41 of 2nd period - Penalty to Rasmus Dahlin is over, Rasmus Dahlin is back on ice.
6:47 of 2nd period - Snap shot by William Eklund.
6:47 of 2nd period - Stopped by Matt Murray without a rebound.
6:48 of 2nd period - Brock Nelson wins face-off versus Scott Laughton in Toronto Maple Leafs zone.
7:35 of 2nd period - Snap shot by William Eklund.
7:35 of 2nd period - Shot Misses the Net.
7:43 of 2nd period - Wrist shot by Jack Hughes.
7:43 of 2nd period - Shot Misses the Net.
8:25 of 2nd period - Minor Penalty to Rasmus Dahlin for Roughing.
8:26 of 2nd period - Sam Bennett wins face-off versus William Karlsson in Minnesota North Stars zone.
8:32 of 2nd period - Wrist shot by Warren Foegele.
8:32 of 2nd period - Goal by Warren Foegele - Toronto Maple Leafs : 1 - Minnesota North Stars : 2.
8:33 of 2nd period - William Karlsson wins face-off versus Wyatt Johnston in neutral zone.
9:38 of 2nd period - Cody Ceci is hit by Niko Mikkola and loses puck.
10:06 of 2nd period - Lucas Carlsson is hit by William Karlsson and loses puck.
10:23 of 2nd period - Snap shot by Brandon Saad.
10:23 of 2nd period - Stopped by Logan Thompson with a rebound.
10:25 of 2nd period - Slapshot by Mario Ferraro.
10:25 of 2nd period - Shot Misses the Net.
10:26 of 2nd period - 10 Minutes Misconduct Penalty to Jonathan Marchessault is over.
10:43 of 2nd period - Wrist shot by Rasmus Dahlin.
10:43 of 2nd period - Stopped by Matt Murray with a rebound.
12:00 of 2nd period - Snap shot by Nicolas Roy.
12:00 of 2nd period - Shot Blocked by Neal Pionk.
12:02 of 2nd period - Slapshot by Eric Robinson.
12:02 of 2nd period - Goal by Eric Robinson - Toronto Maple Leafs : 2 - Minnesota North Stars : 2.
12:03 of 2nd period - Frank Vatrano wins face-off versus Wyatt Johnston in neutral zone.
12:08 of 2nd period - Troy Terry is hit by Frank Vatrano.
12:35 of 2nd period - Off-side.
12:36 of 2nd period - Sam Bennett wins face-off versus Ryan Nugent-Hopkins in neutral zone.
12:49 of 2nd period - Snap shot by Sam Bennett.
12:49 of 2nd period - Stopped by Logan Thompson without a rebound.
12:50 of 2nd period - William Karlsson wins face-off versus Wyatt Johnston in Minnesota North Stars zone.
13:02 of 2nd period - Slapshot by Wyatt Johnston.
13:02 of 2nd period - Stopped by Logan Thompson with a rebound.
13:04 of 2nd period - Snap shot by Aaron Ekblad.
13:04 of 2nd period - Shot Blocked by Niko Mikkola.
13:06 of 2nd period - Slapshot by Bowen Byram.
13:06 of 2nd period - Stopped by Logan Thompson with a rebound.
13:16 of 2nd period - Erik Cernak is hit by Aaron Ekblad and loses puck.
13:49 of 2nd period - Wrist shot by Neal Pionk.
13:49 of 2nd period - Deflect By Frank Vatrano.
13:49 of 2nd period - Stopped by Matt Murray with a rebound.
13:51 of 2nd period - Snap shot by Jonathan Marchessault.
13:51 of 2nd period - Shot Blocked by Warren Foegele.
13:53 of 2nd period - Slapshot by Gustav Forsling.
13:53 of 2nd period - Shot Misses the Net.
13:55 of 2nd period - Wrist shot by Jonathan Marchessault.
13:55 of 2nd period - Stopped by Matt Murray without a rebound.
13:56 of 2nd period - Ryan Nugent-Hopkins wins face-off versus Troy Terry in Toronto Maple Leafs zone.
15:09 of 2nd period - Slapshot by Erik Cernak.
15:09 of 2nd period - Stopped by Matt Murray with a rebound.
15:11 of 2nd period - Snap shot by Valeri Nichushkin.
15:11 of 2nd period - Stopped by Matt Murray with a rebound.
15:13 of 2nd period - Slapshot by Erik Cernak.
15:13 of 2nd period - Stopped by Matt Murray without a rebound.
15:14 of 2nd period - Nicolas Roy wins face-off versus Brock Nelson in Toronto Maple Leafs zone.
15:47 of 2nd period - Wrist shot by Frank Vatrano.
15:47 of 2nd period - Stopped by Matt Murray with a rebound.
16:01 of 2nd period - Wrist shot by Wyatt Johnston.
16:01 of 2nd period - Stopped by Logan Thompson with a rebound.
16:03 of 2nd period - Slapshot by Brady Tkachuk.
16:03 of 2nd period - Shot Blocked by Rasmus Dahlin.
16:05 of 2nd period - Slapshot by Aaron Ekblad.
16:05 of 2nd period - Stopped by Logan Thompson without a rebound.
16:06 of 2nd period - Brock Nelson wins face-off versus Wyatt Johnston in Minnesota North Stars zone.
16:55 of 2nd period - Wrist shot by Ryan Hartman.
16:55 of 2nd period - Shot Misses the Net.
16:57 of 2nd period - Snap shot by Bowen Byram.
16:57 of 2nd period - Shot Misses the Net.
16:59 of 2nd period - Wrist shot by Scott Laughton.
16:59 of 2nd period - Shot Misses the Net.
17:01 of 2nd period - Wrist shot by Scott Laughton.
17:01 of 2nd period - Shot Blocked by Gustav Forsling.
17:03 of 2nd period - Slapshot by Brandon Saad.
17:03 of 2nd period - Shot Blocked by Michael Rasmussen.
17:19 of 2nd period - Wrist shot by Mackie Samoskevich.
17:19 of 2nd period - Stopped by Logan Thompson without a rebound.
17:20 of 2nd period - Wyatt Johnston wins face-off versus Ryan Nugent-Hopkins in Minnesota North Stars zone.
17:25 of 2nd period - Snap shot by Troy Terry.
17:25 of 2nd period - Deflect By Ryan Nugent-Hopkins.
17:25 of 2nd period - Stopped by Logan Thompson without a rebound.
17:26 of 2nd period - William Karlsson wins face-off versus Wyatt Johnston in Minnesota North Stars zone.
17:49 of 2nd period - Minor Penalty to Brady Tkachuk for Holding.
17:50 of 2nd period - Brock Nelson wins face-off versus Wyatt Johnston in Toronto Maple Leafs zone.
18:17 of 2nd period - Jack Hughes is hit by Ryan Pulock and loses puck.
18:22 of 2nd period - Slapshot by Warren Foegele.
18:22 of 2nd period - Deflect By Scott Laughton.
18:22 of 2nd period - Goal by Scott Laughton - Toronto Maple Leafs : 3 - Minnesota North Stars : 2.
18:23 of 2nd period - Brock Nelson wins face-off versus Scott Laughton in neutral zone.
18:25 of 2nd period - Off-side.
18:26 of 2nd period - Brock Nelson wins face-off versus Scott Laughton in neutral zone.
18:33 of 2nd period - Slapshot by Valeri Nichushkin.
18:33 of 2nd period - Shot Misses the Net.
18:35 of 2nd period - Slapshot by Rasmus Dahlin.
18:35 of 2nd period - Stopped by Matt Murray with a rebound.
18:37 of 2nd period - Snap shot by Kent Johnson.
18:37 of 2nd period - Goal by Kent Johnson - Toronto Maple Leafs : 3 - Minnesota North Stars : 3.
18:38 of 2nd period - William Karlsson wins face-off versus Sam Bennett in neutral zone.
19:00 of 2nd period - Minor Penalty to Frank Vatrano for Tripping.
19:01 of 2nd period - Ryan Nugent-Hopkins wins face-off versus Sam Bennett in Minnesota North Stars zone.
19:01 of 2nd period - Ryan Nugent-Hopkins is hit by Sam Bennett.
19:36 of 2nd period - Snap shot by Brady Tkachuk.
19:36 of 2nd period - Shot Misses the Net.
19:38 of 2nd period - Snap shot by Brady Tkachuk.
19:38 of 2nd period - Shot Misses the Net.
Goals for this period are 3 for Toronto Maple Leafs vs 1 for Minnesota North Stars.
Shots for this period are 12 for Toronto Maple Leafs vs 12 for Minnesota North Stars.
3rd period
0:01 of 3rd period - Sam Bennett wins face-off versus Ryan Nugent-Hopkins in neutral zone.
0:27 of 3rd period - Niko Mikkola is hit by Brady Tkachuk and loses puck.
1:00 of 3rd period - Penalty to Frank Vatrano is over, Frank Vatrano is back on ice.
1:04 of 3rd period - Snap shot by William Karlsson.
1:04 of 3rd period - Stopped by Matt Murray without a rebound.
1:05 of 3rd period - Scott Laughton wins face-off versus Brock Nelson in Toronto Maple Leafs zone.
1:15 of 3rd period - Slapshot by Bowen Byram.
1:15 of 3rd period - Shot Blocked by Matt Roy.
1:24 of 3rd period - Minor Penalty to Ryan Hartman for Tripping.
1:25 of 3rd period - Wyatt Johnston wins face-off versus William Karlsson in Toronto Maple Leafs zone.
1:30 of 3rd period - Off-side.
1:31 of 3rd period - William Karlsson wins face-off versus Wyatt Johnston in neutral zone.
1:34 of 3rd period - Snap shot by Jonathan Marchessault.
1:34 of 3rd period - Shot Blocked by Wyatt Johnston.
1:36 of 3rd period - Snap shot by Jack Hughes.
1:36 of 3rd period - Shot Misses the Net.
1:38 of 3rd period - Snap shot by Matt Roy.
1:38 of 3rd period - Stopped by Matt Murray without a rebound.
1:39 of 3rd period - Brock Nelson wins face-off versus Scott Laughton in Toronto Maple Leafs zone.
1:56 of 3rd period - Wrist shot by Valeri Nichushkin.
1:56 of 3rd period - Stopped by Matt Murray without a rebound.
1:57 of 3rd period - William Karlsson wins face-off versus Wyatt Johnston in Toronto Maple Leafs zone.
2:00 of 3rd period - Snap shot by Jack Hughes.
2:00 of 3rd period - Stopped by Matt Murray with a rebound.
2:00 of 3rd period - Matt Murray from Toronto Maple Leafs is injured at 2:00 of 3rd period (Strained Left Knee).
2:00 of 3rd period - Frederik Andersen enters game.
2:01 of 3rd period - William Karlsson wins face-off versus Wyatt Johnston in Toronto Maple Leafs zone.
2:14 of 3rd period - Slapshot by Jonathan Marchessault.
2:14 of 3rd period - Stopped by Frederik Andersen with a rebound.
2:16 of 3rd period - Snap shot by Jonathan Marchessault.
2:16 of 3rd period - Shot Misses the Net.
2:18 of 3rd period - Snap shot by Rasmus Dahlin.
2:18 of 3rd period - Stopped by Frederik Andersen without a rebound.
2:19 of 3rd period - Brock Nelson wins face-off versus Scott Laughton in Toronto Maple Leafs zone.
2:36 of 3rd period - Snap shot by Kent Johnson.
2:36 of 3rd period - Goal by Kent Johnson - Toronto Maple Leafs : 3 - Minnesota North Stars : 4.
2:37 of 3rd period - Sam Bennett wins face-off versus William Karlsson in neutral zone.
2:44 of 3rd period - Backhand shot by Quinton Byfield.
2:44 of 3rd period - Shot Misses the Net.
2:46 of 3rd period - Slapshot by Warren Foegele.
2:46 of 3rd period - Stopped by Logan Thompson without a rebound.
2:47 of 3rd period - Sam Bennett wins face-off versus William Karlsson in Minnesota North Stars zone.
2:48 of 3rd period - Snap shot by Quinton Byfield.
2:48 of 3rd period - Shot Misses the Net.
2:54 of 3rd period - Slapshot by Sam Bennett.
2:54 of 3rd period - Goal by Sam Bennett - Toronto Maple Leafs : 4 - Minnesota North Stars : 4.
2:55 of 3rd period - Wyatt Johnston wins face-off versus Ryan Nugent-Hopkins in neutral zone.
4:12 of 3rd period - Wrist shot by Brandon Saad.
4:12 of 3rd period - Stopped by Logan Thompson with a rebound.
4:14 of 3rd period - Wrist shot by Scott Laughton.
4:14 of 3rd period - Shot Misses the Net.
4:16 of 3rd period - Snap shot by Scott Laughton.
4:16 of 3rd period - Stopped by Logan Thompson with a rebound.
4:30 of 3rd period - Snap shot by Brady Tkachuk.
4:30 of 3rd period - Stopped by Logan Thompson without a rebound.
4:31 of 3rd period - Ryan Nugent-Hopkins wins face-off versus Wyatt Johnston in Minnesota North Stars zone.
4:56 of 3rd period - Minor Penalty to Rasmus Dahlin for Roughing.
4:57 of 3rd period - Quinton Byfield wins face-off versus Michael Rasmussen in Minnesota North Stars zone.
5:02 of 3rd period - Snap shot by Sam Bennett.
5:02 of 3rd period - Stopped by Logan Thompson with a rebound.
5:04 of 3rd period - Snap shot by Ryan Pulock.
5:04 of 3rd period - Shot Misses the Net.
5:06 of 3rd period - Snap shot by Warren Foegele.
5:06 of 3rd period - Goal by Warren Foegele - Toronto Maple Leafs : 5 - Minnesota North Stars : 4.
5:07 of 3rd period - Wyatt Johnston wins face-off versus William Karlsson in neutral zone.
5:20 of 3rd period - Snap shot by Troy Terry.
5:20 of 3rd period - Shot Blocked by Gustav Forsling.
5:22 of 3rd period - Wrist shot by Troy Terry.
5:22 of 3rd period - Shot Misses the Net.
5:24 of 3rd period - Snap shot by Brady Tkachuk.
5:24 of 3rd period - Shot Blocked by Neal Pionk.
5:57 of 3rd period - Slapshot by Eric Robinson.
5:57 of 3rd period - Stopped by Logan Thompson without a rebound.
5:58 of 3rd period - Nicolas Roy wins face-off versus Brock Nelson in Minnesota North Stars zone.
6:13 of 3rd period - Snap shot by Mackie Samoskevich.
6:13 of 3rd period - Shot Misses the Net.
6:19 of 3rd period - Minor Penalty to Rasmus Dahlin for Interference.
6:20 of 3rd period - William Karlsson wins face-off versus Wyatt Johnston in Minnesota North Stars zone.
6:55 of 3rd period - Slapshot by Lucas Carlsson.
6:55 of 3rd period - Stopped by Logan Thompson with a rebound.
7:25 of 3rd period - Wrist shot by Sam Bennett.
7:25 of 3rd period - Shot Blocked by Michael Rasmussen.
8:19 of 3rd period - Penalty to Rasmus Dahlin is over, Rasmus Dahlin is back on ice.
8:31 of 3rd period - Rasmus Dahlin is hit by Bowen Byram and loses puck.
9:08 of 3rd period - Snap shot by Jack Hughes.
9:08 of 3rd period - Stopped by Frederik Andersen without a rebound.
9:09 of 3rd period - Wyatt Johnston wins face-off versus Brock Nelson in Toronto Maple Leafs zone.
9:34 of 3rd period - Ryan Pulock is hit by Jonathan Marchessault and loses puck.
10:09 of 3rd period - Warren Foegele is hit by Ryan Nugent-Hopkins and loses puck.
11:09 of 3rd period - Wrist shot by Frank Vatrano.
11:09 of 3rd period - Shot Misses the Net.
11:21 of 3rd period - Brady Tkachuk is hit by Valeri Nichushkin and loses puck.
11:40 of 3rd period - Michael Rasmussen is hit by Quinton Byfield and loses puck.
11:57 of 3rd period - William Eklund is hit by Eric Robinson.
13:49 of 3rd period - Aaron Ekblad is hit by Gustav Forsling and loses puck.
14:03 of 3rd period - Lucas Carlsson is hit by Niko Mikkola and loses puck.
14:16 of 3rd period - Valeri Nichushkin is hit by Warren Foegele and loses puck.
14:25 of 3rd period - Kent Johnson is hit by Warren Foegele and loses puck.
14:36 of 3rd period - Slapshot by Eric Robinson.
14:36 of 3rd period - Shot Misses the Net.
14:47 of 3rd period - Mackie Samoskevich is hit by Jack Hughes and loses puck.
15:16 of 3rd period - Warren Foegele is hit by Neal Pionk and loses puck.
15:45 of 3rd period - Snap shot by Wyatt Johnston.
15:45 of 3rd period - Stopped by Logan Thompson without a rebound.
15:46 of 3rd period - William Karlsson wins face-off versus Scott Laughton in Minnesota North Stars zone.
15:51 of 3rd period - Snap shot by Frank Vatrano.
15:51 of 3rd period - Stopped by Frederik Andersen without a rebound.
15:52 of 3rd period - William Karlsson wins face-off versus Scott Laughton in Toronto Maple Leafs zone.
15:53 of 3rd period - Snap shot by Jonathan Marchessault.
15:53 of 3rd period - Shot Misses the Net.
15:55 of 3rd period - Snap shot by Jonathan Marchessault.
15:55 of 3rd period - Stopped by Frederik Andersen with a rebound.
15:57 of 3rd period - Snap shot by Jonathan Marchessault.
15:57 of 3rd period - Shot Blocked by Aaron Ekblad.
15:59 of 3rd period - Backhand shot by William Karlsson.
15:59 of 3rd period - Shot Misses the Net.
16:01 of 3rd period - Slapshot by Rasmus Dahlin.
16:01 of 3rd period - Deflect By Ryan Hartman.
16:01 of 3rd period - Stopped by Frederik Andersen with a rebound.
16:03 of 3rd period - Snap shot by Jonathan Marchessault.
16:03 of 3rd period - Stopped by Frederik Andersen without a rebound.
16:04 of 3rd period - Scott Laughton wins face-off versus William Karlsson in Toronto Maple Leafs zone.
16:04 of 3rd period - Scott Laughton is hit by Frank Vatrano.
16:14 of 3rd period - Snap shot by Frank Vatrano.
16:14 of 3rd period - Stopped by Frederik Andersen without a rebound.
16:15 of 3rd period - William Karlsson wins face-off versus Scott Laughton in Toronto Maple Leafs zone.
16:16 of 3rd period - Snap shot by Frank Vatrano.
16:16 of 3rd period - Stopped by Frederik Andersen with a rebound.
16:40 of 3rd period - Wyatt Johnston is hit by Niko Mikkola and loses puck.
17:07 of 3rd period - Slapshot by Brock Nelson.
17:07 of 3rd period - Stopped by Frederik Andersen with a rebound.
17:09 of 3rd period - Slapshot by Gustav Forsling.
17:09 of 3rd period - Shot Blocked by Lucas Carlsson.
17:11 of 3rd period - Slapshot by Gustav Forsling.
17:11 of 3rd period - Stopped by Frederik Andersen without a rebound.
17:12 of 3rd period - Scott Laughton wins face-off versus William Karlsson in Toronto Maple Leafs zone.
17:47 of 3rd period - Snap shot by Michael Rasmussen.
17:47 of 3rd period - Stopped by Frederik Andersen without a rebound.
17:48 of 3rd period - Jonathan Marchessault wins face-off versus Brandon Saad in Toronto Maple Leafs zone.
17:57 of 3rd period - Wrist shot by Ryan Hartman.
17:57 of 3rd period - Deflect By Scott Laughton.
17:57 of 3rd period - Deflect By Niko Mikkola.
17:57 of 3rd period - Shot Misses the Net.
17:57 of 3rd period - Puck is out of play.
17:58 of 3rd period - William Karlsson wins face-off versus Scott Laughton in Minnesota North Stars zone.
17:58 of 3rd period - William Karlsson is hit by Brandon Saad.
18:08 of 3rd period - Snap shot by William Karlsson.
18:08 of 3rd period - Shot Blocked by Brandon Saad.
18:10 of 3rd period - Snap shot by Jonathan Marchessault.
18:10 of 3rd period - Shot Misses the Net.
18:12 of 3rd period - Snap shot by Frank Vatrano.
18:12 of 3rd period - Shot Hit the Post.
18:14 of 3rd period - Backhand shot by William Karlsson.
18:14 of 3rd period - Stopped by Frederik Andersen with a rebound.
18:16 of 3rd period - Snap shot by Frank Vatrano.
18:16 of 3rd period - Stopped by Frederik Andersen without a rebound.
18:17 of 3rd period - Nicolas Roy wins face-off versus Michael Rasmussen in Toronto Maple Leafs zone.
18:17 of 3rd period - Nicolas Roy is hit by Ivan Barbashev.
18:31 of 3rd period - Wrist shot by Mackie Samoskevich.
18:31 of 3rd period - Shot Misses the Net.
18:33 of 3rd period - Snap shot by Nicolas Roy.
18:33 of 3rd period - Deflect By Mackie Samoskevich.
18:33 of 3rd period - Shot Misses the Net.
18:33 of 3rd period - Puck is out of play.
18:34 of 3rd period - Scott Laughton wins face-off versus Frank Vatrano in Minnesota North Stars zone.
18:39 of 3rd period - Snap shot by Brandon Saad.
18:39 of 3rd period - Shot Misses the Net.
18:41 of 3rd period - Slapshot by Cody Ceci.
18:41 of 3rd period - Stopped by Logan Thompson without a rebound.
18:42 of 3rd period - William Karlsson wins face-off versus Scott Laughton in Minnesota North Stars zone.
18:42 of 3rd period - William Karlsson is hit by Lucas Carlsson.
18:52 of 3rd period - Wrist shot by Brandon Saad.
18:52 of 3rd period - Shot Misses the Net.
19:00 of 3rd period - Snap shot by Ryan Hartman.
19:00 of 3rd period - Stopped by Logan Thompson with a rebound.
19:02 of 3rd period - Snap shot by Brandon Saad.
19:02 of 3rd period - Stopped by Logan Thompson with a rebound.
19:08 of 3rd period - Wrist shot by Ryan Hartman.
19:08 of 3rd period - Stopped by Logan Thompson without a rebound.
19:09 of 3rd period - John Tortorella call a timeout for Minnesota North Stars.
19:09 of 3rd period - Wyatt Johnston wins face-off versus Brock Nelson in Minnesota North Stars zone.
19:17 of 3rd period - Minor Penalty to Rasmus Dahlin for Tripping.
19:18 of 3rd period - Wyatt Johnston wins face-off versus William Karlsson in Minnesota North Stars zone.
19:44 of 3rd period - Gustav Forsling is hit by Sam Bennett and loses puck.
Goals for this period are 2 for Toronto Maple Leafs vs 1 for Minnesota North Stars.
Shots for this period are 14 for Toronto Maple Leafs vs 19 for Minnesota North Stars.
Back to the Top